| TOP OF THE 1ST |
|
Kane County Cougars batting - Pitching for Atlanta (MID) Braves : RHP Josh Thomas
|
|
Pitching: RHP Josh Thomas
|
|
|
Batting: RHB Dave Vargas
|
0-0: Called Strike 0-1: Swinging Strike 0-2: Strikes out swinging
|
|
Batting: RHB Franklin Villanueva
|
0-0: Ball 1-0: Called Strike 1-1: Foul Ball, location: 2F 1-2: Ball 2-2: Foul Ball, location: 2F 2-2: Ball 3-2: Foul Ball, location: 2F 3-2: Foul Ball, location: 2F 3-2: Strikes out swinging
|
|
Batting: RHB Marlon Reda
|
0-0: Called Strike 0-1: Fly out, F2 (Popup, 2R, EV 96.3 MPH)
|
| Top of the 1st over - 0 runs, 0 hits, 0 errors, 0 left on base; Kane County 0 - Atlanta (MID) 0 |
| BOTTOM OF THE 1ST |
|
Atlanta (MID) Braves batting - Pitching for Kane County Cougars : RHP Joey Keim
|
|
Pitching: RHP Joey Keim
|
|
|
Batting: LHB Kevin Kantor
|
0-0: Ball 1-0: Ball 2-0: Swinging Strike 2-1: Ball 3-1: Foul Ball, location: 2F 3-2: Base on Balls
|
|
Batting: SHB Brandon McClain
|
0-0: Called Strike Kevin Kantor steals 2nd base 0-1: Ground out 6-3 (Groundball, 6, EV 81.9 MPH) Kevin Kantor to third
|
|
Batting: RHB Xavier Davis
|
0-0: Ball 1-0: Ground out 6-3 (Groundball, P, EV 93.8 MPH) Kevin Kantor scores
|
|
Batting: LHB Travis Lazaro
|
0-0: SINGLE (Groundball, 6MD, EV 96.9 MPH)
|
|
Batting: RHB Corey Dalton
|
0-0: Called Strike Travis Lazaro steals 2nd base (no throw) 0-1: Ball 1-1: Swinging Strike 1-2: Fly out, F8 (Flyball, 89XD, EV 92.5 MPH)
|
| Bottom of the 1st over - 1 run, 1 hit, 0 errors, 1 left on base; Kane County 0 - Atlanta (MID) 1 |
| TOP OF THE 2ND |
|
Kane County Cougars batting - Pitching for Atlanta (MID) Braves : RHP Josh Thomas
|
|
Batting: RHB Matt Maxwell
|
0-0: Swinging Strike 0-1: Foul Ball, location: 2F 0-2: Ball 1-2: Strikes out looking
|
|
Batting: LHB T.J. Duvall
|
0-0: Foul Ball, location: 2F 0-1: Swinging Strike 0-2: Ball 1-2: Foul Ball, location: 2F 1-2: Foul Ball, location: 2F 1-2: Ball 2-2: Foul Ball, location: 2F 2-2: Foul Ball, location: 2F 2-2: Ball 3-2: Foul Ball, location: 2F 3-2: Foul Ball, location: 2F 3-2: Foul Ball, location: 2F 3-2: Fly out, F5 (Popup, 56S, EV 86.9 MPH)
|
|
Batting: RHB John Pena
|
0-0: Called Strike 0-1: Foul Ball, location: 2F 0-2: Ground out 1-3 (Groundball, 34S, EV 67.5 MPH)
|
| Top of the 2nd over - 0 runs, 0 hits, 0 errors, 0 left on base; Kane County 0 - Atlanta (MID) 1 |
| BOTTOM OF THE 2ND |
|
Atlanta (MID) Braves batting - Pitching for Kane County Cougars : RHP Joey Keim
|
|
Batting: LHB Mark Thomas
|
0-0: Called Strike 0-1: Ball 1-1: Ball 2-1: Ball 3-1: Ground out 5-3 (Groundball, 56S, EV 84.4 MPH)
|
|
Batting: RHB Mike Shook
|
0-0: Called Strike 0-1: SOLO HOME RUN (Flyball, 78XD, EV 102.5 MPH), Distance : 397 ft
|
|
Batting: RHB Andy Cunningham
|
0-0: Ball 1-0: Foul Ball, location: 2F 1-1: Called Strike 1-2: Ball 2-2: Strikes out swinging
|
|
Batting: RHB David Zelaya
|
0-0: Swinging Strike 0-1: Ball 1-1: Foul Ball, location: 2F 1-2: SINGLE (Groundball, 4MD, EV 107.5 MPH)
|
|
Batting: LHB Kevin Kantor
|
0-0: Ball 1-0: Foul Ball, location: 2F 1-1: Swinging Strike 1-2: Ball 2-2: Foul Ball, location: 2F 2-2: Ball 3-2: Foul Ball, location: 2F 3-2: Foul Ball, location: 2F 3-2: Fly out, F5 (Flyball, 5D, EV 86.3 MPH)
|
| Bottom of the 2nd over - 1 run, 2 hits, 0 errors, 1 left on base; Kane County 0 - Atlanta (MID) 2 |
| TOP OF THE 3RD |
|
Kane County Cougars batting - Pitching for Atlanta (MID) Braves : RHP Josh Thomas
|
|
Batting: RHB Jake Hodge
|
0-0: Swinging Strike 0-1: Ball 1-1: Called Strike 1-2: Strikes out swinging
|
|
Batting: RHB Curt Barrett
|
0-0: Ball 1-0: Swinging Strike 1-1: Foul Ball, location: 2F 1-2: Strikes out looking
|
|
Batting: LHB Brian Nielsen
|
0-0: Called Strike 0-1: Called Strike 0-2: Ball 1-2: Strikes out swinging
|
| Top of the 3rd over - 0 runs, 0 hits, 0 errors, 0 left on base; Kane County 0 - Atlanta (MID) 2 |
| BOTTOM OF THE 3RD |
|
Atlanta (MID) Braves batting - Pitching for Kane County Cougars : RHP Joey Keim
|
|
Batting: SHB Brandon McClain
|
0-0: Called Strike 0-1: Ground out 5-3 (Groundball, 5, EV 98.8 MPH)
|
|
Batting: RHB Xavier Davis
|
0-0: Ball 1-0: Called Strike 1-1: Called Strike 1-2: Fly out, F8 (Flyball, 8LD, EV 83.8 MPH)
|
|
Batting: LHB Travis Lazaro
|
0-0: Ball 1-0: Foul Ball, location: 2F 1-1: Called Strike 1-2: Ground out 1-3 (Groundball, 15S, EV 69.4 MPH)
|
| Bottom of the 3rd over - 0 runs, 0 hits, 0 errors, 0 left on base; Kane County 0 - Atlanta (MID) 2 |
| TOP OF THE 4TH |
|
Kane County Cougars batting - Pitching for Atlanta (MID) Braves : RHP Josh Thomas
|
|
Batting: RHB Dave Vargas
|
0-0: Ball 1-0: Ball 2-0: Ball 3-0: Foul Ball, location: 2F 3-1: Swinging Strike 3-2: Strikes out looking
|
|
Batting: RHB Franklin Villanueva
|
0-0: Ball 1-0: Ball 2-0: Ball 3-0: Called Strike 3-1: Base on Balls
|
|
Batting: RHB Marlon Reda
|
Pickoff Throw to First - Error! E1 Franklin Villanueva to second 0-0: Ball 1-0: Ball 2-0: SINGLE (Groundball, 4MD, EV 103.1 MPH) Franklin Villanueva to third
|
|
Batting: RHB Matt Maxwell
|
0-0: Called Strike 0-1: Swinging Strike 0-2: Ball 1-2: Strikes out swinging
|
|
Batting: LHB T.J. Duvall
|
0-0: Foul Ball, location: 2F 0-1: Swinging Strike 0-2: Foul Ball, location: 2F 0-2: Ball 1-2: Strikes out looking
|
| Top of the 4th over - 0 runs, 1 hit, 1 error, 2 left on base; Kane County 0 - Atlanta (MID) 2 |
| BOTTOM OF THE 4TH |
|
Atlanta (MID) Braves batting - Pitching for Kane County Cougars : RHP Joey Keim
|
|
Batting: RHB Corey Dalton
|
0-0: Ball 1-0: Ball 2-0: Called Strike 2-1: Foul Ball, location: 2F 2-2: Fly out, F7 (Line Drive, 7, EV 99.4 MPH)
|
|
Batting: LHB Mark Thomas
|
0-0: Called Strike 0-1: Foul Ball, location: 2F 0-2: Strikes out looking
|
|
Batting: RHB Mike Shook
|
0-0: Foul Ball, location: 2F 0-1: Foul Ball, location: 2F 0-2: Ball 1-2: Ball 2-2: Strikes out looking
|
| Bottom of the 4th over - 0 runs, 0 hits, 0 errors, 0 left on base; Kane County 0 - Atlanta (MID) 2 |
| TOP OF THE 5TH |
|
Kane County Cougars batting - Pitching for Atlanta (MID) Braves : RHP Josh Thomas
|
|
Batting: RHB John Pena
|
0-0: Ball 1-0: Called Strike 1-1: Called Strike 1-2: Ball 2-2: Ball 3-2: Foul Ball, location: 2F 3-2: SOLO HOME RUN (Flyball, 89XD, EV 99.4 MPH), Distance : 386 ft
|
|
Batting: RHB Jake Hodge
|
0-0: Called Strike 0-1: Swinging Strike 0-2: Ball 1-2: Ball 2-2: Foul Ball, location: 2F 2-2: Reached on error, E4 (Groundball, 4M, EV 75.6 MPH)
|
|
Batting: RHB Curt Barrett
|
0-0: Ball 1-0: Hit by Pitch Jake Hodge to second
|
|
Batting: LHB Brian Nielsen
|
0-0: Foul Ball, location: 2F 0-1: Ball 1-1: Ball 2-1: Foul Ball, location: 2F 2-2: Fly out, F5 (Popup, 5DF, EV 72.5 MPH)
|
|
Batting: RHB Dave Vargas
|
0-0: Called Strike 0-1: Fly out, F4 (Flyball, 4D, EV 86.3 MPH)
|
|
Batting: RHB Franklin Villanueva
|
0-0: SINGLE (Groundball, 15S, EV 71.3 MPH) (infield hit) Jake Hodge to third Curt Barrett to second
|
|
Batting: RHB Marlon Reda
|
0-0: Called Strike 0-1: Ball 1-1: Swinging Strike 1-2: Fly out, F5 (Line Drive, 5, EV 71.9 MPH)
|
| Top of the 5th over - 1 run, 2 hits, 1 error, 3 left on base; Kane County 1 - Atlanta (MID) 2 |
| BOTTOM OF THE 5TH |
|
Atlanta (MID) Braves batting - Pitching for Kane County Cougars : RHP Joey Keim
|
|
Batting: RHB Andy Cunningham
|
0-0: Ball 1-0: Foul Ball, location: 2F 1-1: Swinging Strike 1-2: SINGLE (Groundball, 4MS, EV 71.3 MPH) (infield hit)
|
|
Batting: RHB David Zelaya
|
0-0: Ball 1-0: Swinging Strike 1-1: Ground out 4-3 (Groundball, 4S, EV 65.0 MPH) Andy Cunningham to second
|
|
Batting: LHB Kevin Kantor
|
0-0: Ball Passed Ball! Andy Cunningham to third 1-0: Squeeze Bunt to 15 - play home, runner scores, batter safe! Andy Cunningham scores
|
|
Batting: SHB Brandon McClain
|
0-0: Ball Kevin Kantor is caught stealing 2nd base 2-6 1-0: Called Strike 1-1: Ball 2-1: Called Strike 2-2: Ball 3-2: Strikes out swinging
|
| Bottom of the 5th over - 1 run, 1 hit, 0 errors, 0 left on base; Kane County 1 - Atlanta (MID) 3 |
| TOP OF THE 6TH |
|
Kane County Cougars batting - Pitching for Atlanta (MID) Braves : RHP Josh Thomas
|
|
Batting: RHB Matt Maxwell
|
0-0: Ball 1-0: Ground out 5-3 (Groundball, 56S, EV 67.5 MPH)
|
|
Batting: LHB T.J. Duvall
|
0-0: Ball 1-0: Called Strike 1-1: Ground out 4-3 (Groundball, 4, EV 107.5 MPH)
|
|
Batting: RHB John Pena
|
0-0: Foul Ball, location: 2F 0-1: Foul Ball, location: 2F 0-2: Foul Ball, location: 2F 0-2: Ball 1-2: Strikes out swinging
|
| Top of the 6th over - 0 runs, 0 hits, 0 errors, 0 left on base; Kane County 1 - Atlanta (MID) 3 |
| BOTTOM OF THE 6TH |
|
Atlanta (MID) Braves batting - Pitching for Kane County Cougars : RHP Joey Keim
|
|
Batting: RHB Xavier Davis
|
0-0: Ball 1-0: Ball 2-0: Ball 3-0: Base on Balls
|
|
Batting: LHB Travis Lazaro
|
0-0: Ball Xavier Davis steals 2nd base (no throw) 1-0: Ball 2-0: Called Strike 2-1: Ball 3-1: Base on Balls
|
|
Batting: RHB Corey Dalton
|
0-0: Foul Ball, location: 2F 0-1: Ball 1-1: Swinging Strike 1-2: Strikes out swinging
|
|
Pitching: RHP Nate Bixler
|
|
|
Batting: LHB Mark Thomas
|
0-0: Ball 1-0: Ball Xavier Davis steals 3rd base Travis Lazaro to second 2-0: Called Strike 2-1: 3-RUN HOME RUN (Flyball, 9D, EV 93.8 MPH), Distance : 355 ft
|
|
Batting: RHB Mike Shook
|
0-0: Foul Ball, location: 2F 0-1: Ball 1-1: Ball 2-1: Swinging Strike 2-2: Foul Ball, location: 2F 2-2: Ball 3-2: Base on Balls
|
|
Batting: RHB Andy Cunningham
|
0-0: Ball 1-0: Ball 2-0: Called Strike 2-1: Swinging Strike 2-2: Ball 3-2: Grounds into double play, 6-4-3 (Groundball, 6, EV 91.9 MPH)
|
| Bottom of the 6th over - 3 runs, 1 hit, 0 errors, 0 left on base; Kane County 1 - Atlanta (MID) 6 |
| TOP OF THE 7TH |
|
Kane County Cougars batting - Pitching for Atlanta (MID) Braves : RHP Josh Thomas
|
|
Pitching: RHP Tom Lessor
|
|
|
Batting: RHB Jake Hodge
|
0-0: Foul Ball, location: 2F 0-1: Fly out, F9 (Flyball, 89D, EV 105.0 MPH)
|
|
Batting: RHB Curt Barrett
|
0-0: Ball 1-0: Ball 2-0: Foul Ball, location: 2F 2-1: Ball 3-1: Base on Balls
|
|
Batting: LHB Brian Nielsen
|
0-0: Ball 1-0: Called Strike 1-1: Fielders Choice at 2nd, 5-4 (Groundball, 15, EV 86.9 MPH)
|
|
Batting: RHB Dave Vargas
|
0-0: Foul Ball, location: 2F 0-1: Ball 1-1: Foul Ball, location: 2F 1-2: Strikes out swinging
|
| Top of the 7th over - 0 runs, 0 hits, 0 errors, 1 left on base; Kane County 1 - Atlanta (MID) 6 |
| BOTTOM OF THE 7TH |
|
Atlanta (MID) Braves batting - Pitching for Kane County Cougars : RHP Nate Bixler
|
|
Batting: RHB David Zelaya
|
0-0: Called Strike 0-1: Foul Ball, location: 2F 0-2: Strikes out looking
|
|
Batting: LHB Kevin Kantor
|
0-0: Called Strike 0-1: Ball 1-1: TRIPLE (Line Drive, 89XD, EV 103.1 MPH)
|
|
Batting: SHB Brandon McClain
|
0-0: Called Strike 0-1: SINGLE (Groundball, 56D, EV 98.1 MPH) Kevin Kantor scores
|
|
Batting: RHB Xavier Davis
|
0-0: Ball 1-0: Ball 2-0: Ball 3-0: Base on Balls Brandon McClain to second
|
|
Batting: LHB Travis Lazaro
|
0-0: Ball 1-0: Grounds into double play, 4-6-3 (Groundball, 34D, EV 107.5 MPH)
|
| Bottom of the 7th over - 1 run, 2 hits, 0 errors, 1 left on base; Kane County 1 - Atlanta (MID) 7 |
| TOP OF THE 8TH |
|
Kane County Cougars batting - Pitching for Atlanta (MID) Braves : RHP Tom Lessor
|
|
Batting: RHB Franklin Villanueva
|
0-0: Ball 1-0: Foul Ball, location: 2F 1-1: Foul Ball, location: 2F 1-2: SINGLE (Groundball, 6MD, EV 100.6 MPH)
|
|
Batting: RHB Marlon Reda
|
0-0: Called Strike 0-1: 2-RUN HOME RUN (Flyball, 89XD, EV 99.4 MPH), Distance : 387 ft
|
|
Batting: RHB Matt Maxwell
|
0-0: Ball 1-0: Foul Ball, location: 2F 1-1: SINGLE (Groundball, 4MD, EV 95.6 MPH)
|
|
Batting: LHB T.J. Duvall
|
0-0: Ball 1-0: Swinging Strike 1-1: Called Strike 1-2: Ball 2-2: Foul Ball, location: 2F 2-2: Ball 3-2: Foul Ball, location: 2F 3-2: Base on Balls Matt Maxwell to second
|
|
Batting: RHB John Pena
|
0-0: Swinging Strike 0-1: Ball 1-1: DOUBLE (Flyball, 78XD, EV 104.4 MPH) Matt Maxwell scores T.J. Duvall to third
|
|
Batting: RHB Jake Hodge
|
0-0: Ball 1-0: Swinging Strike 1-1: Swinging Strike 1-2: Strikes out swinging
|
|
Batting: RHB Curt Barrett
|
0-0: Foul Ball, location: 2F 0-1: Ball Wild Pitch! T.J. Duvall scores John Pena to third 1-1: Foul Ball, location: 2F 1-2: Ball 2-2: Foul Ball, location: 2F 2-2: Foul Ball, location: 2F 2-2: Strikes out looking
|
|
Pitching: LHP Enrique Lopez
|
|
|
Pinch Hitting: RHB Wes Santiago
|
0-0: Ball 1-0: Foul Ball, location: 2F 1-1: Foul Ball, location: 2F 1-2: Ball 2-2: Foul Ball, location: 2F 2-2: Ball 3-2: Base on Balls
|
|
Batting: RHB Dave Vargas
|
0-0: Called Strike 0-1: Ball 1-1: Swinging Strike 1-2: Ball 2-2: Strikes out swinging
|
| Top of the 8th over - 4 runs, 4 hits, 0 errors, 2 left on base; Kane County 5 - Atlanta (MID) 7 |
| BOTTOM OF THE 8TH |
|
Atlanta (MID) Braves batting - Pitching for Kane County Cougars : RHP Nate Bixler
|
|
Pitching: LHP Yorihiko Honda
|
|
|
Now at 2B: Jason Rivers
|
|
|
Batting: RHB Corey Dalton
|
0-0: Fly out, F9 (Flyball, 9S, EV 76.3 MPH)
|
|
Batting: LHB Mark Thomas
|
0-0: Foul Ball, location: 2F 0-1: Hit by Pitch
|
|
Batting: RHB Mike Shook
|
0-0: Called Strike 0-1: Called Strike 0-2: Ball 1-2: Foul Ball, location: 2F 1-2: Ball 2-2: Ball 3-2: 2-RUN HOME RUN (Flyball, 7LD, EV 96.9 MPH), Distance : 347 ft
|
|
Batting: RHB Andy Cunningham
|
0-0: Swinging Strike 0-1: Ball 1-1: Ball 2-1: Ball 3-1: Base on Balls
|
|
Batting: RHB David Zelaya
|
0-0: Called Strike Andy Cunningham steals 2nd, throwing error, E2 Andy Cunningham to third 0-1: Ball 1-1: Ball 2-1: Ball Wild Pitch! Andy Cunningham scores 3-1: Fly out, F8 (Flyball, 8RD, EV 93.8 MPH)
|
|
Batting: LHB Kevin Kantor
|
0-0: Ball 1-0: Ground out 4-3 (Groundball, 4, EV 90.0 MPH)
|
| Bottom of the 8th over - 3 runs, 1 hit, 1 error, 0 left on base; Kane County 5 - Atlanta (MID) 10 |
| TOP OF THE 9TH |
|
Kane County Cougars batting - Pitching for Atlanta (MID) Braves : LHP Enrique Lopez
|
|
Batting: RHB Franklin Villanueva
|
0-0: Ball 1-0: Called Strike 1-1: Ball 2-1: Ground out 6-3 (Groundball, 6M, EV 105.0 MPH)
|
|
Batting: RHB Marlon Reda
|
0-0: Called Strike 0-1: SINGLE (Line Drive, 8RS, EV 106.3 MPH)
|
|
Batting: RHB Matt Maxwell
|
0-0: Swinging Strike 0-1: Fly out, F9 (Flyball, 9LD, EV 86.3 MPH)
|
|
Batting: LHB T.J. Duvall
|
0-0: Foul Ball, location: 2F 0-1: Ball Wild Pitch! Marlon Reda to second 1-1: Foul Ball, location: 2F 1-2: Strikes out swinging
|
| Top of the 9th over - 0 runs, 1 hit, 0 errors, 1 left on base; Kane County 5 - Atlanta (MID) 10 |
|